 Dungeon Crawl Stone Soup version 0.28.0-45-g0d030f2227 (webtiles) character file.

Game seed: 852610289421251499

47 GigaChad the Skirmisher (level 3, -5/34 HPs)
             Began as a Minotaur Fighter on Apr 14, 2022.
             Was an Initiate of Ashenzari.
             Slain by a large abomination (18 damage)
             ... created by the touch of Lugonu
             ... on level 2 of the Dungeon.
             The game lasted 00:04:12 (1070 turns).

GigaChad the Skirmisher (Minotaur Fighter)          Turns: 1070, Time: 00:04:13

Health: -5/34      AC:  7    Str: 20    XL:     3   Next: 48%
Magic:  2/2        EV:  9    Int:  5    God:    Ashenzari [......]
Gold:   42         SH:  4    Dex: 11    Spells: 2/2 levels left

rFire   . . .      SeeInvis .   a - +0 long sword
rCold   . . .      Faith    .   c - +0 buckler
rNeg    . . .      Spirit   .   b - +0 scale mail
rPois   .          Reflect  .   (helmet restricted)
rElec   .          Harm     .   (no cloak)
rCorr   .          Rampage  .   (no gloves)
Will    .....                   (no boots)
Stlth   ..........              (no amulet)
HPRegen 0.11/turn               (no ring)
MPRegen 0.08/turn               (no ring)

@: no status effects
A: horns 2, retaliatory headbutt
a: Renounce Religion


You were on level 2 of the Dungeon.
You worshipped Ashenzari.
Ashenzari was noncommittal.
You visited 1 branch of the dungeon, and saw 2 of its levels.

You collected 42 gold pieces.

Inventory:

Hand Weapons
 a - a +0 long sword (weapon)
 f - a +2 dagger of venom
Armour
 b - a +0 scale mail (worn)
 c - a +0 buckler (worn)
Scrolls
 e - a scroll of enchant armour {unknown}
 i - a scroll of brand weapon {unknown}
Potions
 d - a potion of might
 g - a potion of invisibility {unknown}
 h - 3 potions of brilliance {unknown}


   Skills:
 + Level 4.5 Fighting
 + Level 2.8 Long Blades
 + Level 4.1 Armour
 + Level 4.1 Shields


You had 2 spell levels left.
You didn't know any spells.
Your spell library contained the following spells:

 Spells                   Type           Power      Damage    Failure   Level
 Foxfire                  Conj/Fire      0%         2x1d4     89%         1
 Conjure Flame            Conj/Fire      0%         6-21      99%         3
 Inner Flame              Hex/Fire       0%         N/A       99%         3
 Flame Wave               Conj/Fire      0%         2d4       100%        4


Dungeon Overview and Level Annotations

Branches:
Dungeon (2/15)

Altars:
Ashenzari
Lugonu

Shops:
D:1 *


Innate Abilities, Weirdness & Mutations

You have a pair of horns on your head.
You reflexively headbutt those who attack you in melee.


Message History

You hit the dart slug. You headbutt the dart slug.
The dart slug is almost dead.
The dart slug launches a dart at you. The slug dart hits you.
You slash the dart slug!
You kill the dart slug!
You see here a dart slug corpse.
You pick up a book of Flames and begin reading...
You add the spells Foxfire, Conjure Flame, Inner Flame and Flame Wave to your library.
Okay, then.
Unknown command.
Found 2 inky potions.
h - 3 inky potions (gained 2) Lugonu's wrath scatters you!
Space warps around you!
You are yanked towards a nearby monster!
Your surroundings suddenly seem different.
A goblin comes into view. It is wielding a +0 dagger.
Lugonu sends minions to punish you.
The divine experience drains your vigour!
You feel yourself slow down.
A large abomination comes into view.
The goblin moves out of view.
You block the goblin's attack.
An adder comes into view.
The adder hisses angrily.
The goblin hits you but does no damage. x2
The goblin closely misses you.
You feel yourself speed up. The adder bites you but does no damage.
The adder barely misses you. You furiously retaliate!
You headbutt the adder. The adder closely misses you. You furiously retaliate!
You headbutt the adder!
You kill the adder!
The large abomination hits you!!
Ouch! That really hurt!
You hit the large abomination.
The large abomination is lightly damaged.
The large abomination hits you!!
Ouch! That really hurt!
You die...

......# #... ####.####
.#..#.# .... #.......#
......# ### #.##.##.#
.#..#.# #.##.## # ...##.#
#.#...# ......# #.##.## #
......# ##### ##..#.##.#
##.##.###...######........#
##........#...gX@#.....####
#####.###...####...._..#
......# ##### ##......#
####### #......# #....###
######


You could see a large abomination and a goblin.

Vanquished Creatures
  2 adders (D:2)
  A dart slug (D:2)
  4 endoplasms (D:1)
  2 giant cockroaches (D:1)
  3 goblins
  A hobgoblin (D:2)
  A quokka (D:1)
  5 ball pythons
  4 frilled lizards (D:1)
  8 rats
31 creatures vanquished.

Vanquished Creatures (others)
  3 withered plants (D:1)
3 creatures vanquished.

Grand Total: 34 creatures vanquished

Notes
Turn   | Place    | Note
-------+----------+-------------------------------------------
     0 | D:1      | GigaChad the Minotaur Fighter began the quest for the Orb.
     0 | D:1      | Reached XP level 1. HP: 19/19 MP: 0/0
   107 | D:1      | Found Olabifaz's General Store.
   269 | D:1      | Reached XP level 2. HP: 24/27 MP: 1/1
   742 | D:1      | Found a faded altar of an unknown god.
   758 | D:1      | Prayed at the altar of an unknown god.
   758 | D:1      | Became a worshipper of Lugonu the Unformed
   758 | D:1      | Reached * piety under Lugonu
   758 | D:1      | Reached ** piety under Lugonu
   877 | D:2      | Reached XP level 3. HP: 26/33 MP: 2/2
   889 | D:2      | Found a broken altar of Ashenzari.
   898 | D:2      | Fell from the grace of Lugonu
   898 | D:2      | Became a worshipper of Ashenzari the Shackled
  1016 | D:2      | Noticed a large abomination
  1070 | D:2      | Slain by a large abomination

Illustrated notes

Levels and vault maps discovered:
D:1:      dpeg_arrival_more_subterranean_lakeside_camping, layout_loops_ring,
          ebering_ecumenical_altar_petrified, serial_shops,
          nicolae_shop_window_shopping
D:2:      layout_loops_cross, basic_altar

Skill      XL: |  1  2 |
---------------+-------+-----
Fighting       | 4 |  4.5
Armour         | 4 |  4.1
Shields        | 4 |  4.1
Long Blades    | |  2.8

Action                   || total
-------------------------++-------
Melee: Long sword        ||    61
       Headbutt          ||     8
Armor: Scale mail        ||    32
Dodge: Dodged            ||    32
Block: Buckler           ||    16
